 Dungeon Crawl Stone Soup version 0.20.1-1-g8b1a95d (webtiles) character file.

566110 Rozenbaumfricks2 the Slayer (level 24, -7/239 HPs)
             Began as a Demonspawn Fighter on Sept 29, 2017.
             Was the Champion of Jiyva.
             Killed from afar by an orb of fire (39 damage)
             ... with a fireball
             ... on level 2 of the Realm of Zot.
             The game lasted 05:40:40 (48529 turns).

Rozenbaumfricks2 the Slayer (Demonspawn Fighter)   Turns: 48529, Time: 05:40:40

Health: -7/239     AC: 25    Str: 30    XL:     24   Next: 93%
Magic:  0/46       EV: 22    Int: 20    God:    Jiyva [******]
Gold:   1629       SH: 17    Dex: 25    Spells: 21/44 levels left

rFire    + . .     SeeInvis +   p - +2 Maxwell's thermic engine {flame, freeze, rF- rC-}
rCold    + + .     Gourm    .   Q - +2 shield of Cyigget {rPois MP+9 Str+8 Dex-3}
rNeg     . . .     Faith    .   d - +1 chain mail "Zimpeos" {rC++ MR++ Str+2}
rPois    +         Spirit   +   (no helmet)
rElec    +         Reflect  .   r - +0 cloak of the Forest {Int+5}
rCorr    +         Harm     .   j - +2 pair of gloves
MR       +++..     Rnd*Rage +   (boots unavailable)
Stlth    ..........             e - amulet of Amuciogocod {Spirit Int+5 Dex+4}
Regen    0.5/turn               m - ring of Sexeety {rElec AC+5 Str+3}
MPRegen  0.3/turn               (no ring)

@: about to teleport
A: hooves 3, icy blue scales 3, see invisible, berserk 1, fire resistance 2,
ignite blood, powered by death 3, robust 1, acidic bite, gelatinous body 1,
pseudopods 3, tendrils, jelly sensing items, flame cloud immunity
}: 4/15 runes: decaying, slimy, silver, gossamer
a: Request Jelly, Slimify, Cure Bad Mutation, Renounce Religion


You were on level 2 of the Realm of Zot.
You worshipped Jiyva.
Jiyva was exalted by your worship.
You were completely stuffed.

You visited 11 branches of the dungeon, and saw 52 of its levels.
You visited 2 bazaars.
You also visited: Sewer, Ice Cave and Volcano.

You collected 4991 gold pieces.
You spent 3362 gold pieces at shops.

Inventory:

Hand Weapons
 p - the +2 Maxwell's thermic engine (weapon) {flame, freeze, rF- rC-}
   (You found it on level 5 of the Pits of Slime)

   It has been specially enchanted to burn those struck by it, causing extra
   injury to most foes and up to half again as much damage against particularly
   susceptible opponents.
   Big, fiery blades are also staple armaments of hydra-hunters.
   It makes you vulnerable to fire.
   It makes you vulnerable to cold.
Missiles
 J - 9 javelins of penetration (quivered)
Armour
 d - the +1 chain mail "Zimpeos" (worn) {rC++ MR++ Str+2}
   (You bought it in a shop in a bazaar)

   It affects your strength (+2).
   It greatly protects you from cold.
   It affects your resistance to hostile enchantments.
 j - a +2 pair of gloves (worn)
 r - the +0 cloak of the Forest (worn) {Int+5}
   (You found it on level 5 of the Pits of Slime)

   It affects your intelligence (+5).
 P - the +8 large shield of Insecurity {+Fly Dex+5}
   (You took it off Louise on level 4 of the Depths)

   It affects your dexterity (+5).
   It lets you fly.
 Q - the +2 shield of Cyigget (worn) {rPois MP+9 Str+8 Dex-3}
   (You bought it in a shop in a bazaar)

   It affects your strength (+8).
   It affects your dexterity (-3).
   It protects you from poison.
   It affects your magic capacity (+9).
Jewellery
 e - the amulet of Amuciogocod (around neck) {Spirit Int+5 Dex+4}
   (You bought it in a shop on level 3 of the Elven Halls)

   [amulet of guardian spirit]

   It causes incoming damage to be split between your health and magic.
   It affects your intelligence (+5).
   It affects your dexterity (+4).
 m - the ring of Sexeety (left hand) {rElec AC+5 Str+3}
   (You found it on level 5 of the Vaults)

   [ring of protection]

   It affects your AC (+5).
   It affects your strength (+3).
   It insulates you from electricity.
 s - the ring of Nuac Igg {rElec Slay+4 SInv}
   (You found it on level 5 of the Vaults)

   [ring of see invisible]

   It affects your accuracy and damage with ranged weapons and melee attacks
   (+4).
   It insulates you from electricity.
   It lets you see invisible.
 y - the ring "Waucsun" {-Tele Str+6 Dex+5 Stlth+}
   (You bought it in a shop in a bazaar)

   [ring of dexterity]

   It affects your strength (+6).
   It affects your dexterity (+5).
   It prevents most forms of teleportation.
   It makes you more stealthy.
Scrolls
 h - 8 scrolls of teleportation
 k - 16 scrolls of remove curse
 o - 2 scrolls of blinking
 t - 8 scrolls of identify
 z - 8 scrolls of recharging
 A - 4 scrolls of amnesia
 C - 3 scrolls of enchant weapon
 F - 2 scrolls of fog
 H - a scroll of fear
 T - a scroll of silence
 W - 5 scrolls of magic mapping
Potions
 a - 3 potions of cancellation
 g - 5 potions of flight
 q - a potion of magic
 w - 7 potions of agility
 x - 7 potions of brilliance
 G - 3 potions of resistance
 I - a potion of heal wounds
 K - 5 potions of ambrosia
 L - 2 potions of invisibility
 N - 4 potions of lignification
 O - 2 potions of berserk rage
 R - 6 potions of curing
 X - a potion of might
Books
 c - a book of Spatial Translocations

   Spells                             Type                      Level
   a - Blink                          Translocation                2
   b - Shroud of Golubria             Charms/Translocation         2
   c - Lesser Beckoning               Translocation                3
   d - Gell's Gravitas                Translocation                3
   e - Teleport Other                 Translocation                3
   f - Passage of Golubria            Translocation                4
 l - the Incunabulum of Heat and Beguiling
   (You found it on level 5 of the Vaults)

   Spells                             Type                      Level
   a - Flame Tongue                   Conjuration/Fire             1
   b - Corona                         Hexes                        1
   c - Confuse                        Hexes                        3
   d - Portal Projectile              Hexes/Translocation          3
   e - Summon Guardian Golem          Hexes/Summoning              3
   f - Fulminant Prism                Conjuration/Hexes            4
   g - Summon Mana Viper              Hexes/Summoning              5
 V - the Almanac of Creation
   (You found it on level 1 of the Elven Halls)

   Spells                             Type                      Level
   a - Summon Ice Beast               Ice/Summoning                4
   b - Summon Forest                  Summoning/Translocation      5
   c - Summon Hydra                   Summoning                    7
 Z - Igobb's Foundations of Thaumaturgy
   (You found it on level 3 of the Elven Halls)

   Spells                             Type                      Level
   a - Airstrike                      Air                          4
   b - Throw Icicle                   Conjuration/Ice              4
   c - Iskenderun's Mystic Blast      Conjuration                  4
   d - Cause Fear                     Hexes                        4
   e - Summon Ice Beast               Ice/Summoning                4
   f - Passage of Golubria            Translocation                4
Miscellaneous
 M - a phial of floods
 Y - a lamp of fire
Comestibles
 f - 21 bread rations
 n - 10 meat rations
 v - 59 fruits
 B - 14 royal jellies


   Skills:
 + Level 24.4 Fighting
   Level 13.3(15.8) Short Blades
 - Level 14.7(16.5) Long Blades
 - Level 1.9 Throwing
 - Level 13.2 Armour
 - Level 14.0 Dodging
 - Level 0.4 Stealth
 - Level 13.5 Shields
 - Level 10.8 Spellcasting
 - Level 11.8 Translocations
 - Level 10.2 Evocations


You had 21 spell levels left.
You knew the following spells:

 Your Spells              Type           Power        Failure   Level  Hunger
a - Blink                 Tloc           N/A          1%          2    None
b - Shroud of Golubria    Chrm/Tloc      ####......   3%          2    None
c - Summon Hydra          Summ           ##........   100%        7    #######
d - Summon Forest         Summ/Tloc      ####......   54%         5    ####...
e - Teleport Other        Tloc           ######..     1%          3    None
f - Passage of Golubria   Tloc           N/A          1%          4    ##.....


Dungeon Overview and Level Annotations

Branches:
Dungeon (15/15)            Temple (1/1) D:4            Lair (6/6) D:8
  Swamp (4/4) Lair:2       Spider (4/4) Lair:2        Slime (5/5) Lair:6
    Orc (2/2) D:10            Elf (3/3) Orc:2        Vaults (5/5) D:13
  Crypt (0/3) Vaults:3     Depths (5/5) D:15            Zot (2/5) Depths:5

Altars:
Ashenzari
Cheibriados
Dithmenos
Elyvilon
Fedhas
Gozag
Hepliaklqana
Kikubaaqudgha
Makhleb
Nemelex Xobeh
Okawaru
Qazlal
Ru
Sif Muna
Trog
Uskayaw
Vehumet
Xom
Yredelemnul
Zin
The Shining One
Jiyva

Shops:
D:11 (   D:12 *   Orc:1 [   Orc:2 *:[(   Elf:1 :*   Elf:3 =}=   Vaults:5 (

Portals:
Hell: Depths:1 Depths:2 Depths:3 Depths:4 Depths:5
Abyss: Depths:2 Depths:3 Depths:4
Pandemonium: Depths:1 Depths:3 Depths:5
Ziggurat: Depths:3

Annotations:
Slime:5 Royal Jelly


Innate Abilities, Weirdness & Mutations

You have hooves in place of feet.
You are completely covered in icy blue scales. (AC +4, rC+)
Your flesh is very heat resistant. (rF++)
Your demonic aura causes spilled blood to erupt in flames.
You regenerate a lot of health from kills.
You are robust. (+10% HP)
You are immune to clouds of flame.
You have supernaturally acute eyesight. (SInv)
You tend to lose your temper in combat.
You have acidic saliva.
Your rubbery body absorbs attacks. (AC +1, EV +1)
Armour fits poorly on your massive pseudopods.
You are covered in slimy tendrils that may disarm your opponents.
You have a small jelly attached to you that senses nearby items.


Message History

* * * LOW HITPOINT WARNING * * *
The quicksilver dragon misses you.
The quicksilver dragon quivers uncontrollably and liquefies into an acid blob!
Your hands burn!
* * * LOW HITPOINT WARNING * * *
The purple draconian scorcher casts a spell at you.
The fireball explodes!
The fireball engulfs you! You resist.
* * * LOW HITPOINT WARNING * * *
The fireball engulfs the acid blob.
As you read the scroll of fog, it crumbles to dust.
The scroll dissolves into smoke.
The orb of fire glows red.
The fireball explodes!
The fireball engulfs you! You resist.
* * * LOW HITPOINT WARNING * * *
The fireball engulfs the acid blob.
The purple draconian scorcher hits the acid blob with a rapier!
The purple draconian scorcher is burned by acid!
The orb of fire glows deep purple.
The fireball explodes!
The fireball engulfs you! You resist.
You die...

#.##..........# ......
#.##..........#
#.############# #.#
#.# ######## #####
#### #.#
#.##.§.###d..###...##
#.#
##§#§§§q)#dq..[#.d..[#
#.# #..§§§J#§*q#.#.'d#
∆# ..#
#[)#§@§§§#d..q.#dy.."#
###
#†)##§§§###q.d###...##
#)####### ##...######
#......######...## ###
####.###...###...###..
#.##.....#.....#...
#.##...#.'.#.#.d.#.
#.##):...#.....#...
#.###...###...###..


You could see an orb of fire, a yellow draconian knight (invisible), a purple
draconian scorcher and a neutral acid blob (fellow slime).

Vanquished Creatures
  An orb of fire (Zot:2)
  An ancient lich (Vaults:5)
  Boris (Vaults:3)
  Sojobo (Vaults:4)
  Frederick (Depths:3)
  Bai Suzhen (Vaults:3)
  A golden dragon (Vaults:5)
  Jory (Vaults:3)
  2 bone dragons
  Arachne (Spider:4)
  8 liches
  7 tentacled monstrosities
  2 titans (Vaults:5)
  Asterion (Elf:2)
  2 deep elf blademasters
  6 quicksilver dragons (Zot:2)
  2 deep elf master archers (Elf:3)
  2 death cobs (Zot:2)
  An ancient champion (Vaults:3)
  3 sphinxes
  Agnes (Elf:1)
  3 shadow dragons
  2 draconian monks
  3 storm dragons
  9 tengu reavers
  A revenant (Vaults:3)
  6 fire giants
  2 draconian scorchers (Zot:2)
  Louise (Depths:4)
  A balrug (Depths:2)
  12 frost giants
  3 draconian knights
  8 deep elf sorcerers
  12 vault wardens
  An orc warlord (Orc:2)
  Aizul (Spider:3)
  6 emperor scorpions
  4 draconian shifters
  6 ghost moths
  An iron dragon (Depths:4)
  3 deep elf elementalists (Elf:3)
  A draconian stormcaller (Zot:2)
  10 ironheart preservers
  4 draconian annihilators
  3 spriggan defenders
  14 stone giants
  23 very ugly things
  A war gargoyle (Vaults:3)
  4 entropy weavers
  4 black draconians
  3 vampire knights
  2 green draconians (Depths:5)
  9 deep elf demonologists
  22 purple draconians
  6 deep elf annihilators
  3 yellow draconians
  A dire elephant (D:15)
  4 red draconians
  4 white draconians
  4 spark wasps
  11 deep elf death magi
  3 crystal guardians
  2 merfolk javelineers
  21 ettins
  2 jiangshi (Depths:4)
  8 fire dragons
  14 yaktaur captains
  2 merfolk impalers
  8 rakshasas
  23 vault guards
  6 deep elf high priests
  14 hydras
  The ghost of raetorn the Severer, a journeyman DDFi of Makhleb (IceCv)
  12 ice dragons
  2 ghost crabs
  3 death knights
  8 centaur warriors
  34 two-headed ogres
  3 vampire magi
  14 alligators
  24 dancing weapons
  An anaconda (shapeshifter) (Elf:3)
  6 deep troll shamans
  7 death yaks
  4 spriggan berserkers
  19 spriggans
  Urug (D:11)
  4 tengu warriors (Depths:2)
  10 ogre magi
  2 orc high priests (Orc:2)
  6 deep troll earth magi
  A soul eater (Depths:5)
  2 sun demons (Depths:2)
  26 deep elf knights
  20 hell knights
  A fire crab (shapeshifter) (Depths:4)
  An iron troll (Depths:3)
  4 shadow wraiths
  A fire crab (Volcano)
  13 deep trolls
  4 skeletal warriors
  An unseen horror (D:13)
  An unseen horror (shapeshifter) (Depths:2)
  6 swamp dragons
  A shambling mangrove (Swamp:2)
  5 spectral hydras (Swamp:4)
  A death drake (Swamp:4)
  3 flayed ghosts
  An infernal demonspawn (Depths:5)
  An orange crystal statue (Depths:1)
  4 phantasmal warriors
  13 deep elf archers
  Pikel (D:7)
  6 wizards
  An obsidian statue (Volcano)
  2 lindwurms
  A harpy (shapeshifter) (Vaults:4)
  4 necromancers
  11 ironbrand convokers
  8 orc sorcerers
  10 orc knights
  50 wolf spiders
  53 ugly things
  A manticore (shapeshifter) (Vaults:5)
  13 orb spiders
  88 deep elf magi
  2 oklob plants (Lair:3)
  A human zombie (Vaults:1)
  5 moths of wrath
  3 manticores
  9 cyclopes
  Maurice (Orc:2)
  9 vault sentinels
  2 gargoyles
  An ice statue (IceCv)
  A water nymph (shapeshifter) (Vaults:4)
  5 black mambas
  8 elephants
  2 human skeletons
  2 torpor snails
  A molten gargoyle (Depths:1)
  An orange demon (Depths:5)
  A rust devil (Depths:5)
  2 komodo dragons (shapeshifter)
  A kobold demonologist (D:10)
  20 demonic crawlers
  23 spiny frogs
  3 swamp worm zombies (Swamp:4)
  6 komodo dragons
  48 yaktaurs
  3 rime drakes (Lair:4)
  An efreet (D:13)
  A tengu conjurer (Depths:2)
  A tormentor (Depths:5)
  3 hydra zombies (Swamp:4)
  8 freezing wraiths
  A small abomination (Elf:3)
  10 trolls
  30 jumping spiders
  6 meliai
  27 polar bears
  The ghost of Rozenbaumfricks2 the Shield-Bearer, an amateur DsFi (D:4)
  A hornet (shapeshifter) (Vaults:3)
  12 hippogriffs
  A sphinx simulacrum (Vaults:3)
  9 bog bodies
  25 hornets
  7 tyrant leeches
  5 slime creatures (Swamp:1)
  A dream sheep (Lair:6)
  A meliai zombie (D:10)
  12 blink frogs
  A spectral swamp dragon (Swamp:4)
  3 alligator zombies (Swamp:4)
  A shadow (D:14)
  2 air elementals
  2 tarantellas (shapeshifter)
  6 wyverns
  61 redbacks
  A hog (shapeshifter) (Elf:2)
  3 wraiths
  27 tarantellas
  A human (D:13)
  10 water elementals
  65 yaks
  A yak (shapeshifter) (Depths:5)
  5 fire bats (Volcano)
  8 fire elementals
  4 vampires (D:12)
  20 vampire mosquitoes
  A basilisk (Lair:1)
  4 wargs
  2 hungry ghosts
  Menkaure (D:7)
  An elf simulacrum (Vaults:5)
  16 swamp worms
  8 insubstantial wisps (Swamp:4)
  An acid dragon (Vaults:2)
  2 hell hounds (Volcano)
  8 porcupines
  10 water moccasins
  3 sky beasts
  47 orc warriors
  4 swamp drakes
  A hornet zombie (D:13)
  4 ice beasts
  An ettin simulacrum (Vaults:5)
  5 black bears
  An eye of draining (D:9)
  23 ogres
  4 swamp dragon zombies (Swamp:4)
  9 centaurs
  6 phantoms
  19 boggarts
  37 wolves
  19 crocodiles
  12 big kobolds
  Blork the orc (D:8)
  23 bullfrogs
  A wyvern zombie (D:12)
  2 earth elementals
  8 scorpions
  13 killer bees
  3 human simulacra (Vaults:1)
  4 wights (D:13)
  4 howler monkeys
  4 electric eels
  5 lava snakes (Volcano)
  6 crimson imps
  5 jellies
  2 centaur zombies
  7 hounds
  A bullfrog zombie (D:13)
  A gnoll shaman (D:7)
  14 orc priests
  26 orc wizards
  3 bullfrog skeletons
  7 centaur skeletons
  Jessica (D:3)
  Terence (D:2)
  5 iguanas
  2 spectral swamp drakes (Swamp:4)
  7 worker ants
  2 hound skeletons
  3 gnolls (D:7)
  11 adders
  A river rat (shapeshifter) (Depths:5)
  3 shadow imps
  An ooze (D:6)
  An adder zombie (D:5)
  An adder skeleton (D:6)
  A worm (D:3)
  2 dart slugs
  10 leopard geckos
  83 orcs
  11 giant cockroaches
  11 goblins
  13 hobgoblins
  5 jackals
  8 kobolds
  4 quokkas
  6 ball pythons
  6 bats
  12 frilled lizards
  2 goblin skeletons (D:9)
  A goblin zombie (D:9)
  5 hobgoblin zombies (D:9)
  A kobold skeleton (D:9)
  3 kobold zombies (D:9)
  2 leopard gecko skeletons
  8 rats
  3 crawling corpses
  2 fungi
2058 creatures vanquished.

Vanquished Creatures (collateral kills)
  A sphinx (Vaults:5)
  A fire giant (Vaults:5)
  A vault warden (Vaults:5)
  An ironheart preserver (Vaults:5)
  2 deep elf high priests
  A yaktaur captain (Vaults:5)
  A vault guard (Vaults:5)
  An orb spider (Spider:4)
9 creatures vanquished.

Vanquished Creatures (others)
  A tentacled monstrosity (Vaults:5)
  A lich (Depths:2)
  A titan (Vaults:5)
  14 acid blobs
  5 azure jellies
  A frost giant (Vaults:5)
  4 vault wardens (Vaults:5)
  3 stone giants
  A war gargoyle (Vaults:5)
  2 very ugly things (Vaults:5)
  A dire elephant (shapeshifter) (Vaults:5)
  3 ettins
  2 death oozes
  4 yaktaur captains
  9 great orbs of eyes
  An ice dragon (Depths:4)
  9 vault guards (Vaults:5)
  A centaur warrior (Depths:4)
  A two-headed ogre (Vaults:2)
  A spriggan berserker (Depths:5)
  A deep elf knight (Vaults:5)
  A shadow wraith (Vaults:3)
  2 glowing orange brains
  2 necromancers
  A phantasmal warrior (Swamp:4)
  An ironbrand convoker (Vaults:5)
  An eye of devastation (Slime:5)
  An orb spider (Spider:1)
  3 shining eyes
  An ugly thing (Vaults:5)
  3 deep elf magi
  7 vault sentinels
  A centaur skeleton (D:15)
  An efreet (D:13)
  A tengu conjurer (Depths:3)
  11 yaktaurs
  A troll (shapeshifter) (Depths:2)
  2 jumping spiders (Spider:1)
  A meliai (shapeshifter) (Vaults:4)
  2 polar bears (IceCv)
  84 slime creatures
  A human simulacrum (Vaults:5)
  A redback (Spider:4)
  A water elemental (Elf:3)
  An air elemental (Elf:3)
  A yak (shapeshifter) (Vaults:1)
  A steam dragon (Volcano)
  A swamp worm (Swamp:4)
  An insubstantial wisp (Swamp:4)
  A floating eye (Depths:4)
  A floating eye (shapeshifter) (Vaults:5)
  2 orc warriors
  A slave (D:8)
  An eye of draining (shapeshifter) (Vaults:3)
  An ogre (Vaults:2)
  3 eyes of draining
  2 boggarts
  A centaur (Vaults:2)
  A human zombie (Vaults:1)
  395 jellies
  An orc priest (Orc:2)
  An orc wizard (Orc:1)
  A worker ant (D:13)
  An ooze (Depths:1)
  9 orcs
  4 crawling corpses
  11 fungi
  25 plants
663 creatures vanquished.

Grand Total: 2730 creatures vanquished

Notes
Turn   | Place    | Note
-------+----------+-------------------------------------------
     0 | D:1      | Rozenbaumfricks2 the Demonspawn Fighter began the quest for the Orb.
     0 | D:1      | Reached XP level 1. HP: 18/18 MP: 1/1
    13 | D:1      | Found an iron altar of Okawaru.
   162 | D:1      | Gained mutation: You regenerate a little health from kills. [demonic ancestry]
   162 | D:1      | Reached XP level 2. HP: 24/24 MP: 2/2
   885 | D:2      | Found a blossoming altar of Fedhas.
   994 | D:2      | Gained mutation: You are partially covered in icy blue scales. (AC +2) [demonic ancestry]
   994 | D:2      | Reached XP level 3. HP: 29/29 MP: 3/3
  1389 | D:2      | Noticed Terence
  1400 | D:2      | Killed Terence
  1400 | D:2      | Gained mutation: You have large cloven feet. [demonic ancestry]
  1400 | D:2      | Reached XP level 4. HP: 35/35 MP: 4/4
  1635 | D:3      | Found a shimmering altar of Xom.
  1823 | D:3      | Noticed Jessica
  1842 | D:3      | Killed Jessica
  1842 | D:3      | Reached skill level 1 in Dodging
  1960 | D:3      | Gained mutation: You have hoof-like feet. [demonic ancestry]
  1960 | D:3      | Reached XP level 5. HP: 40/41 MP: 5/5
  2246 | D:3      | Found a sacrificial altar of Ru.
  2247 | D:3      | Found a hide-covered altar of Uskayaw.
  2250 | D:3      | Found a snail-covered altar of Cheibriados.
  2346 | D:4      | Found a staircase to the Ecumenical Temple.
  2370 | D:4      | Found a glowing drain.
  2388 | Sewer    | Entered a sewer
  2457 | Sewer    | Reached XP level 6. HP: 47/47 MP: 6/6
  2616 | D:4      | Noticed Rozenbaumfricks2's ghost (amateur DsFi)
  2627 | D:5      | Entered Level 5 of the Dungeon
  3066 | D:5      | Reached XP level 7. HP: 52/52 MP: 7/7
  3121 | D:5      | Reached skill level 5 in Long Blades
  3687 | D:4      | Killed Rozenbaumfricks2's ghost
  3687 | D:4      | Reached skill level 4 in Fighting
  3841 | D:4      | Got a warped short sword
  3842 | D:4      | Identified the +3 short sword "Ugey" {pierce, Str+4 Dex+3} (You found it on level 4 of the Dungeon)
  3914 | Temple   | Entered the Ecumenical Temple
  4082 | D:4      | Reached skill level 5 in Shields
  4119 | D:4      | Reached XP level 8. HP: 54/61 MP: 8/8
  4233 | D:6      | Reached skill level 1 in Short Blades
  4601 | D:6      | Reached skill level 5 in Fighting
  5077 | D:7      | Reached XP level 9. HP: 68/68 MP: 9/9
  5152 | D:7      | Reached skill level 5 in Short Blades
  5228 | D:7      | Noticed Menkaure
  5602 | D:7      | Killed Menkaure
  5668 | D:7      | Found a white marble altar of Elyvilon.
  5991 | D:7      | Reached skill level 5 in Armour
  6025 | D:7      | Noticed Pikel
  6050 | D:7      | Killed Pikel
  6305 | D:8      | Noticed a two-headed ogre
  6540 | D:8      | Found a hazy altar of Hepliaklqana.
  6603 | D:8      | Noticed Blork the orc
  6613 | D:8      | Killed Blork the orc
  6618 | D:8      | Found a deep blue altar of Sif Muna.
  6660 | D:8      | Killed a two-headed ogre
  6660 | D:8      | Reached skill level 1 in Throwing
  6660 | D:8      | Reached XP level 10. HP: 63/76 MP: 10/10
  6696 | D:8      | Noticed a two-headed ogre
  6704 | D:8      | Killed a two-headed ogre
  6704 | D:8      | Reached skill level 6 in Fighting
  6900 | D:8      | Found a staircase to the Lair.
  7126 | D:9      | Found a glowing golden altar of the Shining One.
  7301 | D:9      | Got a dazzling morningstar
  7302 | D:9      | Identified the cursed +1 morningstar of Havoc {freeze, Dex+3} (You found it on level 9 of the Dungeon)
  7324 | D:9      | Found a shadowy altar of Dithmenos.
  7864 | D:10     | Entered Level 10 of the Dungeon
  8227 | D:10     | Noticed a two-headed ogre
  8244 | D:10     | Killed a two-headed ogre
  8244 | D:10     | Reached skill level 7 in Fighting
  8244 | D:10     | Gained mutation: You regenerate health from kills. [demonic ancestry]
  8244 | D:10     | Reached XP level 11. HP: 69/84 MP: 11/11
  8273 | D:10     | Found a staircase to the Orcish Mines.
  8288 | Orc:1    | Entered Level 1 of the Orcish Mines
  8407 | Orc:1    | Found Foasyid's Antique Armour Boutique.
  8415 | Orc:1    | Bought a smoking chain mail for 228 gold pieces
  8425 | Orc:1    | Identified the +4 chain mail of Greed {Str-4 Int+2 SInv} (You bought it in a shop on level 1 of the Orcish Mines)
  8584 | Orc:1    | Noticed a deep elf mage
  8584 | Orc:1    | Noticed a deep elf mage
  8584 | Orc:1    | Noticed a deep elf mage
  8584 | Orc:1    | Noticed a deep elf mage
  8584 | Orc:1    | Noticed a deep elf mage
  8584 | Orc:1    | Noticed a deep elf mage
  8584 | Orc:1    | Noticed a deep elf mage
  8584 | Orc:1    | Noticed a deep elf mage
  8584 | Orc:1    | Noticed a deep elf mage
  9199 | D:10     | Killed a deep elf mage
  9268 | Orc:1    | Killed a deep elf mage
  9297 | Orc:1    | Killed a deep elf mage
  9629 | Orc:1    | Killed a deep elf mage
  9629 | Orc:1    | Reached skill level 8 in Fighting
  9881 | Orc:1    | Killed a deep elf mage
  9881 | Orc:1    | Reached skill level 10 in Short Blades
  9901 | Orc:1    | Killed a deep elf mage
  9987 | Orc:1    | Killed a deep elf mage
  9992 | Orc:1    | Noticed an orc knight
 10184 | Lair:1   | Entered Level 1 of the Lair of Beasts
 10552 | Lair:1   | Gained mutation: Your flesh is heat resistant. (rF+) [demonic ancestry]
 10552 | Lair:1   | Reached XP level 12. HP: 94/94 MP: 12/12
 10567 | Lair:1   | Reached skill level 9 in Fighting
 10948 | Lair:2   | Reached skill level 5 in Dodging
 10992 | Lair:2   | Found a hole to the Spider Nest.
 11306 | Lair:2   | Noticed a death yak
 11307 | Lair:2   | Noticed a death yak
 11309 | Lair:2   | Noticed a death yak
 11671 | Lair:2   | Found a staircase to the Swamp.
 11677 | Swamp:1  | Entered Level 1 of the Swamp
 11717 | Swamp:1  | Noticed an eight-headed hydra
 11723 | Swamp:1  | Killed an eight-headed hydra
 11925 | Swamp:1  | Noticed a ghost crab
 11926 | Swamp:1  | Noticed an alligator
 11934 | Swamp:1  | Killed an alligator
 11941 | Swamp:1  | Killed a ghost crab
 12530 | Swamp:1  | Reached skill level 10 in Fighting
 12725 | Swamp:2  | Noticed an alligator
 12725 | Swamp:2  | Noticed an alligator
 12734 | Swamp:1  | Killed an alligator
 12848 | Swamp:2  | Killed an alligator
 13041 | Swamp:2  | Gained mutation: You are weak. (Str -2) [potion of mutation]
 13041 | Swamp:2  | Gained mutation: Your system is resistant to poisons. (rPois) [potion of mutation]
 13391 | Swamp:2  | Reached XP level 13. HP: 98/104 MP: 13/13
 15162 | Lair:3   | Reached skill level 11 in Fighting
 15688 | Lair:3   | Reached skill level 10 in Armour
 16645 | Lair:5   | Found a frozen archway.
 16662 | IceCv    | Entered an ice cave
 16678 | IceCv    | Gained mutation: You are mostly covered in icy blue scales. (AC +3) [demonic ancestry]
 16678 | IceCv    | Reached XP level 14. HP: 113/114 MP: 14/14
 16804 | IceCv    | Reached skill level 12 in Fighting
 17132 | IceCv    | Noticed raetorn's ghost (journeyman DDFi)
 17156 | IceCv    | Killed raetorn's ghost
 17232 | IceCv    | Noticed a frost giant
 17264 | IceCv    | Killed a frost giant
 18344 | Lair:6   | Entered Level 6 of the Lair of Beasts
 18474 | Lair:5   | Reached skill level 13 in Fighting
 19180 | Lair:6   | Got a shimmering scale mail
 19182 | Lair:6   | Got a serpentine amber ring
 19193 | Lair:6   | Identified the +5 scale mail "Epesiobb" {rCorr Int+4} (You found it on level 6 of the Lair of Beasts)
 19304 | Lair:6   | Found a viscous altar of Jiyva.
 19304 | Lair:6   | Found a staircase to the Slime Pits.
 19312 | Lair:6   | Became a worshipper of Jiyva Jumeosmi the Shapeless
 19509 | Lair:6   | Gained mutation: You are immune to clouds of flame. [demonic ancestry]
 19509 | Lair:6   | Reached XP level 15. HP: 87/125 MP: 15/15
 19585 | Lair:6   | Got a faintly glowing shortbow
 19900 | Slime:1  | Entered Level 1 of the Pits of Slime
 19900 | Slime:1  | Noticed an azure jelly
 19903 | Slime:1  | Noticed an acid blob
 19903 | Slime:1  | Noticed an acid blob
 19923 | Slime:1  | Killed an acid blob
 19945 | Lair:6   | Reached * piety under Jiyva
 20119 | Lair:4   | Reached skill level 14 in Fighting
 20395 | Lair:1   | Reached ** piety under Jiyva
 20681 | Orc:1    | Reached *** piety under Jiyva
 20789 | Orc:1    | Lost mutation: You are weak. (Str -2) [Jiyva's grace]
 20879 | Orc:1    | Reached **** piety under Jiyva
 21017 | Orc:2    | Entered Level 2 of the Orcish Mines
 21017 | Orc:2    | Found Mimih's General Store.
 21017 | Orc:2    | Noticed an orc warlord
 21020 | Orc:2    | Identified the ring of Jopharcha {rElec rC+ EV+5} (You found it on level 6 of the Lair of Beasts)
 21021 | Orc:2    | Found Sota Zitt's Book Emporium.
 21022 | Orc:2    | Gained mutation: You can translocate small distances at will. [Jiyva's grace]
 21106 | Orc:2    | Found a staircase to the Elven Halls.
 21120 | Orc:2    | Found Edwor's Antique Weapon Shoppe.
 21121 | Orc:2    | Paralysed by an orc sorcerer for 7 turns
 21151 | Orc:2    | Found a dark tunnel.
 21171 | Volcano  | Entered a volcano
 21354 | Volcano  | Found a burning altar of Makhleb.
 21731 | Orc:2    | Reached ***** piety under Jiyva
 21731 | Orc:2    | Gained mutation: Your body sometimes deteriorates upon taking damage. [Jiyva's grace]
 21745 | Orc:2    | Gained mutation: You have hooves in place of feet. [Jiyva's grace]
 21783 | Orc:2    | Gained mutation: You are covered in slimy tendrils that may disarm your opponents. [Jiyva's grace]
 21824 | Orc:2    | Reached ****** piety under Jiyva
 21884 | Orc:2    | Paralysed by an orc sorcerer for 3 turns
 21905 | Orc:2    | Found Topicren's Antique Armour Emporium.
 21939 | Orc:2    | Noticed Maurice
 21952 | Orc:2    | Killed Maurice
 21957 | Orc:2    | Lost mutation: Your body sometimes deteriorates upon taking damage. [Jiyva's grace]
 21981 | Orc:2    | Lost mutation: You are covered in slimy tendrils that may disarm your opponents. [Jiyva's grace]
 22047 | Orc:2    | Gained mutation: Armour fits poorly on your pseudopods. [Jiyva's grace]
 22085 | Orc:2    | Bought a bread ration for 60 gold pieces
 22085 | Orc:2    | Bought a box of beasts for 240 gold pieces
 22085 | Orc:2    | Bought a royal jelly for 24 gold pieces
 22087 | Orc:2    | Bought a potion of flight for 36 gold pieces
 22114 | Orc:2    | Gained mutation: You are resistant to electric shocks. (rElec) [Jiyva's grace]
 22432 | Slime:5  | Entered Level 5 of the Pits of Slime
 22436 | Slime:5  | Noticed an acid blob
 22445 | Slime:5  | Found a viscous altar of Jiyva.
 22445 | Slime:5  | Noticed an azure jelly
 22445 | Slime:5  | Noticed the Royal Jelly
 22445 | Slime:5  | Noticed an acid blob
 22448 | Slime:5  | Got a brightly glowing ruby amulet
 22450 | Slime:5  | Noticed an acid blob
 22456 | Slime:5  | Got an ancient cloak
 22457 | Slime:5  | Gained mutation: Your spells are a little harder to cast, but a little more powerful. [Jiyva's grace]
 22458 | Slime:5  | Got a slimy rune of Zot
 22465 | Slime:5  | Gained mutation: Your flesh is very heat resistant. (rF++) [Jiyva's grace]
 22468 | Slime:5  | Got a warped brass amulet
 22472 | Slime:5  | Lost mutation: Armour fits poorly on your pseudopods. [Jiyva's grace]
 22516 | Slime:5  | Noticed an azure jelly
 22521 | Slime:5  | Killed an acid blob
 22557 | Slime:5  | Killed an acid blob
 22589 | Slime:5  | Killed an acid blob
 22608 | Slime:5  | Noticed an acid blob
 22619 | Slime:5  | Killed an acid blob
 22630 | Slime:5  | Killed an acid blob
 22633 | Slime:5  | Killed an acid blob
 22639 | Slime:5  | Identified the cursed +0 cloak of the Forest {Int+5} (You found it on level 5 of the Pits of Slime)
 22643 | Slime:5  | Identified the amulet of the Thoughtful Yaks {Inacc rN+} (You found it on level 5 of the Pits of Slime)
 22646 | Slime:5  | Identified the amulet of Hepliaklqana's Favour {+Rage Str+3} (You found it on level 5 of the Pits of Slime)
 22667 | Slime:3  | Noticed an azure jelly
 22708 | Slime:2  | Noticed an acid blob
 22728 | Slime:2  | Noticed an acid blob
 22758 | Slime:1  | Noticed an acid blob
 22766 | Slime:1  | Noticed an acid blob
 22775 | Slime:1  | Killed an acid blob
 22778 | Slime:1  | Killed an azure jelly
 22785 | Slime:1  | Noticed an acid blob
 22787 | Slime:1  | Killed an acid blob
 22790 | Slime:1  | Killed an acid blob
 23138 | Swamp:2  | Gained mutation: You are robust. (+10% HP) [Jiyva's grace]
 23435 | Orc:2    | Killed an orc warlord
 23435 | Orc:2    | Reached skill level 1 in Evocations
 23487 | Elf:1    | Entered Level 1 of the Elven Halls
 23529 | Elf:1    | Found a flickering gateway to a bazaar.
 23535 | Bazaar   | Entered a bazaar
 23544 | Bazaar   | Found Hanoyloo's Antique Weapon Emporium.
 23547 | Bazaar   | Found Zepsiruc's Antique Weapon Shoppe.
 23561 | Bazaar   | Found Laututzo's Antique Armour Shoppe.
 23564 | Bazaar   | Found Fiqil's Antique Armour Emporium.
 23591 | Bazaar   | Bought an encrusted shield for 313 gold pieces
 23601 | Bazaar   | Identified the +2 shield of Cyigget {rPois MP+9 Str+8 Dex-3} (You bought it in a shop in a bazaar)
 23659 | Bazaar   | Bought a heavily runed chain mail for 313 gold pieces
 23669 | Bazaar   | Identified the cursed +1 chain mail "Zimpeos" {rC++ MR++ Str+2} (You bought it in a shop in a bazaar)
 23670 | Bazaar   | Bought a distressingly furry chain mail for 313 gold pieces
 23689 | Bazaar   | Identified the +5 chain mail of Zeastren {rF+} (You bought it in a shop in a bazaar)
 23780 | Elf:1    | Found Ynear Cah's Book Emporium.
 23794 | Elf:1    | Found Viedio's Assorted Antiques.
 23804 | Elf:1    | Bought a scroll of identify for 70 gold pieces
 23804 | Elf:1    | Bought a potion of lignification for 105 gold pieces
 23804 | Elf:1    | Bought a scroll labeled NAB EGABI ILU for 35 gold pieces
 23804 | Elf:1    | Bought a scroll labeled COAF UNUACZILI for 35 gold pieces
 23807 | Elf:1    | Gained mutation: You are covered in fur. (AC +1) [Jiyva's grace]
 23997 | Elf:1    | Identified the Almanac of Creation
 24110 | Elf:1    | Gained mutation: Your magical capacity is low. (-10% MP) [Jiyva's grace]
 24213 | Elf:1    | Noticed Agnes
 24223 | Elf:1    | Killed Agnes
 24386 | Elf:1    | Gained mutation: You are agile. (Dex +2) [Jiyva's grace]
 24480 | Elf:1    | Lost mutation: You can translocate small distances at will. [Jiyva's grace]
 24588 | Elf:2    | Reached XP level 16. HP: 139/147 MP: 16/16
 24848 | Elf:2    | Lost mutation: Your magical capacity is low. (-10% MP) [Jiyva's grace]
 24942 | Elf:2    | Found a huge runed gate.
 24942 | Elf:2    | Found a huge runed gate.
 24948 | Elf:2    | Found a huge runed gate.
 24948 | Elf:2    | Found a huge runed gate.
 24948 | Elf:2    | Found a huge runed gate.
 24950 | Elf:2    | Reached skill level 15 in Fighting
 25155 | Elf:2    | Gained mutation: Your rubbery body absorbs attacks. (AC +1, EV +1) [Jiyva's grace]
 25290 | Elf:2    | Reached skill level 10 in Dodging
 25476 | Elf:2    | Reached skill level 5 in Evocations
 25559 | Elf:2    | Lost mutation: Your rubbery body absorbs attacks. (AC +1, EV +1) [Jiyva's grace]
 25653 | Elf:2    | Gained mutation: You are weak. (Str -2) [Jiyva's grace]
 25675 | Elf:2    | Lost mutation: You are weak. (Str -2) [Jiyva's grace]
 25714 | Elf:3    | Entered Level 3 of the Elven Halls
 25838 | Elf:3    | Gained mutation: You are resistant to hostile enchantments. (MR+) [Jiyva's grace]
 25984 | Elf:3    | Found Bokoniux's Gadget Boutique.
 25985 | Elf:3    | Found Rudgh's Jewellery Emporium.
 25985 | Elf:3    | Found Odghiz's Jewellery Emporium.
 26052 | Elf:3    | Noticed Asterion
 26238 | Elf:2    | Gained mutation: You are dopey. (Int -2) [a cacodemon]
 26239 | Elf:2    | Killed Asterion
 26274 | Elf:2    | Lost mutation: You are dopey. (Int -2) [Jiyva's grace]
 26303 | Elf:2    | Reached skill level 10 in Long Blades
 26479 | Elf:3    | Noticed a Brimstone Fiend
 26898 | Lair:1   | Gained mutation: You have a pair of small antennae on your head. [Jiyva's grace]
 26967 | Spider:1 | Entered Level 1 of the Spider Nest
 27029 | Spider:1 | Mutation became permanent: You have hoof-like feet. [demonic ancestry]
 27029 | Spider:1 | Gained mutation: You have hooves in place of feet. [demonic ancestry]
 27029 | Spider:1 | Reached XP level 17. HP: 152/156 MP: 21/21
 27039 | Spider:1 | Lost mutation: You are resistant to electric shocks. (rElec) [Jiyva's grace]
 27118 | Spider:1 | Gained mutation: You have a small jelly attached to you that senses nearby items. [Jiyva's grace]
 27496 | Spider:2 | You fall through a shaft!
 27898 | Spider:3 | Lost mutation: You are robust. (+10% HP) [Jiyva's grace]
 27945 | Spider:3 | Noticed Aizul
 27952 | Spider:3 | Killed Aizul
 28417 | Spider:2 | Identified a scroll of acquirement
 28420 | Spider:2 | Got a polished shield
 28431 | Spider:2 | Identified the +2 shield of Whack-A-Mole {rCorr} (You acquired it on level 2 of the Spider Nest)
 28537 | Spider:2 | Gained mutation: You possess an exceptional clarity of mind. [Jiyva's grace]
 28845 | Elf:3    | Reached skill level 16 in Fighting
 28851 | Elf:3    | Lost mutation: Your flesh is very heat resistant. (rF++) [Jiyva's grace]
 28896 | Elf:3    | Bought the amulet of Amuciogocod {Spirit Int+5 Dex+4} for 894 gold pieces
 28979 | Elf:3    | Lost mutation: You have a small jelly attached to you that senses nearby items. [Jiyva's grace]
 28989 | Elf:3    | Noticed a Brimstone Fiend
 29039 | Elf:3    | Noticed a deep elf master archer
 29048 | Elf:3    | Noticed a deep elf blademaster
 29050 | Elf:3    | Killed a deep elf master archer
 29052 | Elf:3    | Noticed a Hell Sentinel
 29168 | Elf:3    | Lost mutation: You have a pair of small antennae on your head. [Jiyva's grace]
 29172 | Elf:3    | Got a twitching lapis lazuli ring
 29174 | Elf:3    | Identified the ring "Haoxiuwi" {*Tele rPois rN+ Dex+3} (You took it off a deep elf sorcerer on level 3 of the Elven Halls)
 29204 | Elf:3    | Noticed a deep elf blademaster
 29223 | Elf:2    | Killed a deep elf blademaster
 29308 | Elf:3    | Lost mutation: You are covered in fur. (AC +1) [Jiyva's grace]
 29330 | Elf:3    | Gained mutation: You are occasionally teleported next to monsters. [Jiyva's grace]
 29334 | Elf:3    | Killed a deep elf blademaster
 29334 | Elf:3    | Reached XP level 18. HP: 152/152 MP: 23/23
 29334 | Elf:3    | Gained mutation: You do not regenerate when monsters are visible. [Jiyva's grace]
 29354 | Elf:3    | Gained mutation: You are highly resistant to hostile enchantments. (MR++) [Jiyva's grace]
 29389 | Elf:3    | Identified Igobb's Foundations of Thaumaturgy
 29426 | Elf:3    | Got a transparent plate armour
 29432 | Elf:3    | Identified the +12 plate armour of Utoj {Int+4} (You took it off a deep elf master archer on level 3 of the Elven Halls)
 29468 | Elf:3    | Gained mutation: Your spells are harder to cast, but more powerful. [Jiyva's grace]
 29495 | Elf:3    | Gained mutation: Armour fits poorly on your pseudopods. [Jiyva's grace]
 30010 | Spider:4 | Entered Level 4 of the Spider Nest
 30169 | Spider:4 | Lost mutation: You do not regenerate when monsters are visible. [Jiyva's power]
 30170 | Spider:4 | Lost mutation: You are occasionally teleported next to monsters. [Jiyva's power]
 30394 | Spider:4 | Noticed Arachne
 30404 | Spider:4 | Killed Arachne
 30483 | Spider:4 | Reached skill level 17 in Fighting
 30530 | Spider:4 | Lost mutation: Your spells are harder to cast, but more powerful. [Jiyva's grace]
 30544 | Spider:4 | Got a gossamer rune of Zot
 30556 | Spider:4 | Gained mutation: Your muscles are strong. (Str +2) [Jiyva's grace]
 30957 | Lair:2   | Gained mutation: You are extremely resistant to the effects of hostile enchantments. (MR+++) [Jiyva's grace]
 31641 | Swamp:3  | Gained mutation: You have a small jelly attached to you that may absorb incoming projectiles. [Jiyva's grace]
 32046 | Swamp:3  | Lost mutation: Your system is resistant to poisons. (rPois) [Jiyva's grace]
 32197 | Swamp:4  | Entered Level 4 of the Swamp
 32273 | Swamp:4  | Gained mutation: You are completely covered in icy blue scales. (AC +4, rC+) [demonic ancestry]
 32273 | Swamp:4  | Reached XP level 19. HP: 154/161 MP: 25/25
 32684 | Swamp:4  | Gained mutation: Your mind is acute. (Int +2) [Jiyva's grace]
 32780 | Swamp:4  | Noticed a bone dragon
 32791 | Swamp:4  | Killed a bone dragon
 32885 | Swamp:4  | Got a decaying rune of Zot
 33416 | D:10     | Lost mutation: You are agile. (Dex +2) [Jiyva's grace]
 33472 | D:11     | Noticed Urug
 33480 | D:11     | Killed Urug
 33683 | D:11     | Got a slimy scale mail
 33694 | D:11     | Identified the +1 scale mail "Puucuahu" {+Blink rF++ Int-4 Stlth+} (You acquired it on level 11 of the Dungeon)
 33825 | D:11     | Found a shattered altar of Ashenzari.
 33860 | D:11     | Found Rusaeck's Weapon Shoppe.
 33956 | D:11     | Gained mutation: Your flesh is very heat resistant. (rF++) [Jiyva's grace]
 33967 | D:11     | Gained mutation: Your rubbery body absorbs attacks. (AC +1, EV +1) [Jiyva's grace]
 33983 | D:11     | Lost mutation: Your rubbery body absorbs attacks. (AC +1, EV +1) [Jiyva's grace]
 34479 | D:12     | Lost mutation: Your flesh is very heat resistant. (rF++) [Jiyva's grace]
 34646 | D:12     | Found Myerch's Blood Bar.
 35060 | D:13     | Gained mutation: Your spells are harder to cast, but more powerful. [Jiyva's grace]
 35350 | D:13     | Lost mutation: You have a small jelly attached to you that may absorb incoming projectiles. [Jiyva's grace]
 35369 | D:13     | Found a gate to the Vaults.
 35381 | Vaults:1 | Entered Level 1 of the Vaults
 35528 | Vaults:1 | Gained mutation: You have a small jelly attached to you that may absorb incoming projectiles. [Jiyva's grace]
 35570 | Vaults:1 | Reached skill level 10 in Evocations
 35773 | Vaults:1 | Reached skill level 18 in Fighting
 35813 | Vaults:1 | Lost mutation: You have a small jelly attached to you that may absorb incoming projectiles. [Jiyva's grace]
 36076 | Vaults:1 | Gained mutation: Your spells are much harder to cast, but much more powerful. [Jiyva's grace]
 36217 | Vaults:1 | Lost mutation: You are extremely resistant to the effects of hostile enchantments. (MR+++) [Jiyva's grace]
 36503 | Vaults:2 | Reached skill level 1 in Spellcasting
 36556 | Vaults:2 | Gained mutation: You are robust. (+10% HP) [demonic ancestry]
 36556 | Vaults:2 | Reached XP level 20. HP: 159/186 MP: 27/27
 36786 | Vaults:2 | Lost mutation: You are highly resistant to hostile enchantments. (MR++) [Jiyva's grace]
 36797 | Vaults:2 | Gained mutation: Your translucent skin slightly reduces your foes' accuracy. (Stealth) [Jiyva's grace]
 36825 | Vaults:2 | Lost mutation: Your spells are much harder to cast, but much more powerful. [Jiyva's grace]
 36856 | Vaults:2 | Reached skill level 5 in Spellcasting
 36918 | Vaults:2 | Lost mutation: You possess an exceptional clarity of mind. [Jiyva's grace]
 36920 | Vaults:2 | Gained mutation: You passively map a small area around you. [Jiyva's grace]
 37234 | Vaults:2 | Gained mutation: Armour fits poorly on your strangely shaped body. [Jiyva's grace]
 37392 | Vaults:2 | Learned a level 2 spell: Blink
 37394 | Vaults:2 | Gained mutation: Your translucent skin reduces your foes' accuracy. (Stealth) [Jiyva's grace]
 37677 | Vaults:3 | Noticed Bai Suzhen
 37695 | Vaults:3 | Killed Bai Suzhen
 37756 | Vaults:3 | Gained mutation: You have a small jelly attached to you that senses nearby items. [Jiyva's grace]
 37760 | Vaults:3 | Reached skill level 10 in Spellcasting
 37828 | Vaults:3 | Gained mutation: Your spells are much harder to cast, but much more powerful. [Jiyva's grace]
 37960 | Vaults:3 | Lost mutation: You passively map a small area around you. [Jiyva's grace]
 38014 | Vaults:3 | Lost mutation: Your muscles are strong. (Str +2) [Jiyva's grace]
 38071 | Vaults:3 | Learned a level 2 spell: Shroud of Golubria
 38091 | Vaults:3 | Learned a level 7 spell: Summon Hydra
 38097 | Vaults:3 | Learned a level 5 spell: Summon Forest
 38098 | Vaults:3 | Gained mutation: Armour fits poorly on your large pseudopods. [Jiyva's grace]
 38162 | Vaults:3 | Noticed Boris
 38168 | Vaults:3 | Killed Boris
 38293 | Vaults:3 | Gained mutation: You are covered in slimy tendrils that may disarm your opponents. [Jiyva's grace]
 38416 | Vaults:3 | Noticed Jory
 38430 | Vaults:3 | Killed Jory
 38489 | Vaults:3 | Gained mutation: Your body has grown golden eyes which may confuse attackers. (Acc +3) [Jiyva's grace]
 38494 | Vaults:3 | Found a staircase to the Crypt.
 38585 | Vaults:3 | Reached skill level 5 in Translocations
 38774 | Vaults:4 | Noticed Sojobo
 38782 | Vaults:4 | Killed Sojobo
 38782 | Vaults:4 | Gained mutation: You regenerate a lot of health from kills. [demonic ancestry]
 38782 | Vaults:4 | Reached XP level 21. HP: 161/192 MP: 35/35
 38799 | Vaults:4 | Lost mutation: Armour fits poorly on your strangely shaped body. [Jiyva's power]
 39203 | Vaults:4 | Lost mutation: You have a small jelly attached to you that senses nearby items. [Jiyva's grace]
 39211 | Vaults:4 | Lost mutation: Your mind is acute. (Int +2) [Jiyva's grace]
 39217 | Vaults:4 | Lost mutation: You are resistant to hostile enchantments. (MR+) [Jiyva's grace]
 39224 | Vaults:4 | Gained mutation: You possess an exceptional clarity of mind. [Jiyva's grace]
 39263 | Vaults:4 | Lost mutation: You possess an exceptional clarity of mind. [Jiyva's grace]
 39306 | Vaults:4 | Gained mutation: Your transparent skin significantly reduces your foes' accuracy. (Stealth) [Jiyva's grace]
 39439 | Vaults:4 | Gained mutation: Your system is resistant to poisons. (rPois) [Jiyva's grace]
 39634 | Vaults:4 | Lost mutation: Your spells are much harder to cast, but much more powerful. [Jiyva's grace]
 39789 | Vaults:5 | Entered Level 5 of the Vaults
 39789 | Vaults:5 | Noticed a golden dragon
 39806 | Vaults:5 | Noticed an ancient lich
 39861 | Vaults:5 | Reached skill level 10 in Translocations
 39866 | Vaults:5 | Gained mutation: You are resistant to hostile enchantments. (MR+) [Jiyva's grace]
 39881 | Vaults:5 | HP: 3/194 [golden dragon/bolt of fire (24)]
 39883 | Vaults:5 | HP: 1/194 [vault warden/halberd of venom (6)]
 40054 | Vaults:5 | Lost mutation: Your transparent skin significantly reduces your foes' accuracy. (Stealth) [Jiyva's grace]
 40055 | Vaults:5 | Got a silver rune of Zot
 40105 | Vaults:5 | Gained mutation: Your spells are much harder to cast, but much more powerful. [Jiyva's grace]
 40117 | Vaults:5 | Gained mutation: You have acidic saliva. [Jiyva's grace]
 40126 | Vaults:5 | Lost mutation: Your spells are much harder to cast, but much more powerful. [Jiyva's grace]
 40152 | Vaults:5 | Lost mutation: You are covered in slimy tendrils that may disarm your opponents. [Jiyva's grace]
 40156 | Vaults:5 | Killed a golden dragon
 40173 | Vaults:5 | Lost mutation: Your spells are harder to cast, but more powerful. [Jiyva's grace]
 40189 | Vaults:5 | Learned a level 3 spell: Teleport Other
 40191 | Vaults:5 | Gained mutation: Your muscles are strong. (Str +2) [Jiyva's grace]
 40194 | Vaults:5 | Learned a level 4 spell: Passage of Golubria
 40221 | Vaults:5 | Gained mutation: You are very robust. (+20% HP) [Jiyva's grace]
 40312 | Vaults:5 | Killed an ancient lich
 40321 | Vaults:5 | Noticed an ancient lich
 40331 | Vaults:5 | Slimified an ancient lich
 40331 | Vaults:5 | an ancient lich changed into a death ooze
 40346 | Vaults:5 | Lost mutation: Your body has grown golden eyes which may confuse attackers. (Acc +3) [Jiyva's grace]
 40360 | Vaults:5 | Lost mutation: Your translucent skin reduces your foes' accuracy. (Stealth) [Jiyva's grace]
 40363 | Vaults:5 | Gained mutation: You have supernaturally acute eyesight. (SInv) [Jiyva's grace]
 40373 | Vaults:5 | Reached XP level 22. HP: 213/223 MP: 36/36
 40379 | Vaults:5 | Gained mutation: Your translucent skin reduces your foes' accuracy. (Stealth) [Jiyva's grace]
 40393 | Vaults:5 | Reached skill level 19 in Fighting
 40395 | Vaults:5 | Gained mutation: Armour fits poorly on your massive pseudopods. [Jiyva's grace]
 40399 | Vaults:5 | Lost mutation: You have acidic saliva. [Jiyva's grace]
 40412 | Vaults:5 | Got a translucent lapis lazuli ring
 40414 | Vaults:5 | Identified the ring of Sexeety {rElec AC+5 Str+3} (You found it on level 5 of the Vaults)
 40418 | Vaults:5 | Lost mutation: Your translucent skin reduces your foes' accuracy. (Stealth) [Jiyva's grace]
 40444 | Vaults:5 | Lost mutation: You are very robust. (+20% HP) [Jiyva's grace]
 40453 | Vaults:5 | Lost mutation: Your muscles are strong. (Str +2) [Jiyva's grace]
 40513 | Vaults:5 | Gained mutation: Your rubbery body absorbs attacks. (AC +1, EV +1) [Jiyva's grace]
 40526 | Vaults:5 | Identified the Incunabulum of Heat and Beguiling
 40685 | Vaults:5 | Found Oxeqor's Weapon Shoppe.
 40744 | Vaults:5 | Lost mutation: Your rubbery body absorbs attacks. (AC +1, EV +1) [Jiyva's grace]
 41040 | Vaults:5 | Got a brightly glowing turquoise ring
 41042 | Vaults:5 | Identified the ring of Nuac Igg {rElec Slay+4 SInv} (You found it on level 5 of the Vaults)
 41067 | Vaults:5 | Gained mutation: You passively map a small area around you. [Jiyva's grace]
 41341 | D:13     | Lost mutation: Your spells are a little harder to cast, but a little more powerful. [Jiyva's grace]
 41813 | D:14     | Got a slimy long sword
 41814 | D:14     | Identified the cursed +3 long sword of Fimaeth {chaos, rF- rN++ Int+2 Dex+9} (You found it on level 14 of the Dungeon)
 42092 | D:14     | Gained mutation: Your flesh is very heat resistant. (rF++) [Jiyva's grace]
 42488 | D:15     | Entered Level 15 of the Dungeon
 42507 | D:15     | Found a flickering gateway to a bazaar.
 42519 | Bazaar   | Entered a bazaar
 42527 | Bazaar   | Found Zitec's Jewellery Emporium.
 42527 | Bazaar   | Found Fulah's Book Shoppe.
 42554 | Bazaar   | Bought the ring "Waucsun" {-Tele Str+6 Dex+5 Stlth+} for 696 gold pieces
 42994 | D:15     | Lost mutation: Your translucent skin slightly reduces your foes' accuracy. (Stealth) [Jiyva's grace]
 43176 | D:15     | Found a staircase to the Depths.
 43183 | D:15     | Reached skill level 20 in Fighting
 43190 | D:15     | Lost mutation: You are resistant to hostile enchantments. (MR+) [Jiyva's grace]
 43347 | Depths:1 | Entered Level 1 of the Depths
 43411 | Depths:1 | Gained mutation: You are agile. (Dex +2) [Jiyva's grace]
 43481 | Depths:1 | Gained mutation: Your flesh is cold resistant. (rC+) [Jiyva's grace]
 43501 | Depths:1 | Gained mutation: Your translucent skin slightly reduces your foes' accuracy. (Stealth) [Jiyva's grace]
 43553 | Depths:1 | Lost mutation: You are agile. (Dex +2) [Jiyva's grace]
 43581 | Depths:1 | Lost mutation: Your translucent skin slightly reduces your foes' accuracy. (Stealth) [Jiyva's grace]
 43649 | Depths:1 | Gained mutation: You have a pair of small antennae on your head. [Jiyva's grace]
 43784 | Depths:1 | Found a gateway to Hell.
 43919 | Depths:1 | Found a one-way gate leading to the halls of Pandemonium.
 44061 | Depths:2 | Gained mutation: Your flesh is almost immune to the effects of heat. (rF+++) [Jiyva's grace]
 44118 | Depths:2 | Reached skill level 21 in Fighting
 44340 | Depths:2 | Gained mutation: Your body sometimes deteriorates upon taking damage. [Jiyva's grace]
 44526 | Depths:2 | Reached XP level 23. HP: 221/221 MP: 37/37
 44532 | Depths:2 | Lost mutation: Your body sometimes deteriorates upon taking damage. [Jiyva's power]
 44571 | Depths:2 | Got a bound tin ring
 44725 | Depths:2 | Gained mutation: Your spells are a little easier to cast, but a little less powerful. [Jiyva's grace]
 44730 | Depths:2 | Gained mutation: You have a small jelly attached to you that senses nearby items. [Jiyva's grace]
 44774 | Depths:2 | Gained mutation: You are covered in fur. (AC +1) [Jiyva's grace]
 44787 | Depths:2 | Found a one-way gate to the infinite horrors of the Abyss.
 44856 | Depths:2 | Identified the ring "Vayv" {Wiz rElec} (You took it off a spriggan defender on level 2 of the Depths)
 44927 | Depths:2 | Lost mutation: Your flesh is cold resistant. (rC+) [Jiyva's grace]
 44938 | Depths:2 | Gained mutation: Your mind is acute. (Int +2) [Jiyva's grace]
 45050 | Depths:2 | Reached skill level 22 in Fighting
 45055 | Depths:2 | Got a dazzling plate armour
 45066 | Depths:2 | Identified the +3 plate armour of the Ladybird {rCorr} (You found it on level 2 of the Depths)
 45179 | Depths:3 | Lost mutation: Your mind is acute. (Int +2) [Jiyva's grace]
 45207 | Depths:3 | Lost mutation: Your spells are a little easier to cast, but a little less powerful. [Jiyva's grace]
 45223 | Depths:3 | Noticed Frederick
 45235 | Depths:3 | Killed Frederick
 45253 | Depths:3 | Lost mutation: You passively map a small area around you. [Jiyva's grace]
 45256 | Depths:3 | Lost mutation: Your system is resistant to poisons. (rPois) [Jiyva's grace]
 45568 | Depths:3 | Found a gateway to a ziggurat.
 45636 | Depths:3 | Noticed an ancient lich
 45648 | Depths:3 | Slimified an ancient lich
 45648 | Depths:3 | an ancient lich changed into a death ooze
 45670 | Depths:3 | Gained mutation: You are agile. (Dex +2) [Jiyva's grace]
 45713 | Depths:3 | Noticed a juggernaut
 45720 | Depths:3 | Slimified a juggernaut
 45720 | Depths:3 | a juggernaut changed into an azure jelly
 45759 | Depths:3 | Lost mutation: You have a pair of small antennae on your head. [Jiyva's grace]
 46048 | Depths:4 | Found a transporter.
 46058 | Depths:4 | Found a transporter.
 46072 | Depths:4 | Lost mutation: You are agile. (Dex +2) [Jiyva's grace]
 46081 | Depths:4 | Reached skill level 23 in Fighting
 46094 | Depths:4 | Got a flickering ruby amulet
 46112 | Depths:4 | Lost mutation: You are covered in fur. (AC +1) [Jiyva's grace]
 46130 | Depths:4 | Identified the amulet "Xowo" {Faith rPois MR+} (You found it on level 4 of the Depths)
 46136 | Depths:4 | Got a crude scale mail
 46147 | Depths:4 | Identified the cursed +0 scale mail of Focus {*Drain rC+ Dex+2} (You found it on level 4 of the Depths)
 46338 | Depths:4 | Noticed Louise
 46366 | Depths:4 | Killed Louise
 46368 | Depths:4 | Got a faintly glowing large shield
 46379 | Depths:4 | Identified the +8 large shield of Insecurity {+Fly Dex+5} (You took it off Louise on level 4 of the Depths)
 46550 | Depths:4 | Found an iron altar of Okawaru.
 46829 | Depths:4 | Lost mutation: Your flesh is almost immune to the effects of heat. (rF+++) [Jiyva's grace]
 47154 | Depths:5 | Entered Level 5 of the Depths
 47203 | Depths:5 | Reached skill level 10 in Shields
 47232 | Depths:5 | Gained mutation: You have acidic saliva. [Jiyva's grace]
 47284 | Depths:5 | Gained mutation: Your demonic aura causes spilled blood to erupt in flames. [demonic ancestry]
 47284 | Depths:5 | Reached XP level 24. HP: 235/235 MP: 37/37
 47292 | Depths:5 | Paralysed by a vampire knight for 7 turns
 47314 | Depths:5 | Gained mutation: You have a small jelly attached to you that may absorb incoming projectiles. [Jiyva's grace]
 47322 | Depths:5 | Noticed a juggernaut
 47327 | Depths:5 | Slimified a juggernaut
 47327 | Depths:5 | a juggernaut changed into an acid blob
 47409 | Depths:5 | Found a gate to the Realm of Zot.
 47494 | Depths:5 | Gained mutation: You can translocate small distances at will. [Jiyva's grace]
 47512 | Zot:1    | Entered Level 1 of the Realm of Zot
 47652 | Zot:1    | Lost mutation: You can translocate small distances at will. [Jiyva's grace]
 47852 | Zot:1    | Gained mutation: Your rubbery body absorbs attacks. (AC +1, EV +1) [Jiyva's grace]
 48207 | Zot:2    | Gained mutation: You are covered in slimy tendrils that may disarm your opponents. [Jiyva's grace]
 48295 | Zot:2    | Noticed an orb of fire
 48298 | Zot:2    | Gained mutation: You tend to lose your temper in combat. [an orb of fire]
 48308 | Zot:2    | Killed an orb of fire
 48366 | Zot:2    | Reached skill level 24 in Fighting
 48477 | Zot:2    | Noticed an orb of fire
 48490 | Zot:2    | Lost mutation: You have a small jelly attached to you that may absorb incoming projectiles. [an orb of fire]
 48529 | Zot:2    | Killed from afar by an orb of fire

Skill      XL: |  1  2  3  4  5  6  7  8  9 10 11 12 13 14 15 16 17 18 19 20 21 22 23 24 |
---------------+-------------------------------------------------------------------------+-----
Armour         | 3 4 5 6 7 9 10 11 12 13 | 13.2
Long Blades    | 2 3 4 5 7 10 12 13 14 | 14.7
Shields        | 3 4 5 6 7 10 13 | 13.5
Dodging        | 1 2 4 6 7 8 9 10 11 12 13 14 | 14.0
Fighting       | 4 5 7 8 10 11 13 14 15 16 17 18 21 23 24 | 24.4
Short Blades   | 4 7 9 10 11 12 13 | 13.3
Throwing       | 1 |  1.9
Evocations     | 3 5 7 9 10 | 10.2
Spellcasting   | 3 10 | 10.8
Translocations | 6 11 | 11.8
Stealth        | |  0.4

Action                   |  1- 3 |  4- 6 |  7- 9 | 10-12 | 13-15 | 16-18 | 19-21 | 22-24 || total
-------------------------+-------+-------+-------+-------+-------+-------+-------+-------++-------
Melee: Long sword        |   120 |   138 |    37 |       |       |       |       |       ||   295
       Kick              |       |    33 |    92 |   336 |   859 |   422 |   564 |   740 ||  3046
       Short sword       |       |       |   174 |   667 |  1470 |       |       |       ||  2311
       Double sword      |       |       |       |       |   123 |   842 |  1067 |  1184 ||  3216
       Pseudopods        |       |       |       |       |     4 |   117 |   371 |   463 ||   955
       Bite              |       |       |       |       |       |       |    18 |    96 ||   114
Throw: Tomahawk          |       |       |     9 |    26 |     3 |     4 |       |       ||    42
       Javelin           |       |       |     1 |     8 |     4 |       |     6 |     1 ||    20
       Throwing net      |       |       |       |       |     2 |       |       |       ||     2
 Cast: Blink             |       |       |       |       |       |       |     8 |     1 ||     9
       Passage of Golubr |       |       |       |       |       |       |     4 |     6 ||    10
Invok: Request Jelly     |       |       |       |       |     7 |       |     4 |       ||    11
       Cure Bad Mutation |       |       |       |       |       |     2 |     1 |     1 ||     4
       Slimify           |       |       |       |       |       |       |    14 |    13 ||    27
 Abil: Evoke Berserk Rag |       |       |       |       |     1 |       |       |       ||     1
Evoke: Wand              |       |       |       |       |     3 |       |     1 |       ||     4
       Sack of spiders   |       |       |       |       |       |     6 |     8 |       ||    14
       Phial of floods   |       |       |       |       |       |     3 |     1 |       ||     4
       Box of beasts     |       |       |       |       |       |     1 |     1 |       ||     2
       Lamp of fire      |       |       |       |       |       |       |     1 |       ||     1
       Phantom mirror    |       |       |       |       |       |       |     1 |       ||     1
  Use: Scroll            |     5 |     3 |     2 |     8 |    19 |    11 |    11 |     7 ||    66
       Potion            |       |       |     1 |     3 |     5 |     6 |    14 |     1 ||    30
 Stab: Confused          |       |       |       |     1 |     2 |       |     4 |       ||     7
       Distracted        |       |       |       |       |       |       |     1 |     1 ||     2
       Invisible         |       |       |       |       |       |       |     1 |       ||     1
  Eat: Chunk             |     2 |     5 |    11 |    21 |    24 |       |       |       ||    63
       Fruit             |       |       |     1 |     1 |     1 |       |       |       ||     3
Armor: Scale mail        |    61 |       |       |       |       |       |       |       ||    61
       Plate armour      |    41 |   124 |    92 |   264 |   548 |       |       |       ||  1069
       Skin              |       |       |     1 |       |       |    32 |    11 |       ||    44
       Chain mail        |       |       |       |       |    25 |   313 |   165 |   280 ||   783
Dodge: Dodged            |    36 |    23 |    40 |   134 |   518 |   681 |   551 |   664 ||  2647
Block: Shield            |    57 |   109 |   108 |   314 |   726 |   735 |   689 |   747 ||  3485
       Large shield      |       |       |       |       |       |       |       |    50 ||    50
       Rpst.: Long sword |    10 |     9 |     2 |       |       |       |       |       ||    21
       Double sword      |       |       |       |       |     9 |   117 |    83 |   111 ||   320
